Map: Terraços Prion

Players

eduba

  • Race: Terran Terran
  • League: Master

TheZergLord - Winner!

  • Race: Zerg Zerg
  • League: Master

VOD

Have the link to the VOD?

Description

Time

  • Played on: April 26, 2016, 1:36 p.m.
  • Length: 10:42
Show
View Real Time Build Order
Export as new Build Order

eduba Terran 

Build Orders: Reaper Expand 

Get SALT Encoding   

  12  0:00  SCV  
  13  0:12  SCV  
  14  0:19  Supply Depot  
  14  0:25  SCV  
  15  0:41  SCV  
  15  0:42  Barracks  
  16  0:45  Refinery  
  16  0:53  SCV  
  17  1:05  SCV  
  18  1:17  SCV  
  19  1:29  Reaper, Orbital Command  
  20  1:40  Command Center  
  20  1:48  Refinery  
  20  1:52  Supply Depot  
  20  1:55  SCV  
  21  2:01  Barracks Reactor  
  21  2:07  SCV  
  22  2:15  Barracks  
  22  2:24  SCV  
  22  2:26  Factory  
  23  2:36  SCV  
  24  2:39  Marine  
  24  2:40  Marine  
  26  2:48  SCV  
  27  2:55  Orbital Command  
  27  2:57  Marine x2  
  29  3:02  SCV  
  30  3:05  Barracks Tech Lab  
  30  3:12  Starport, Factory Tech Lab  
  30  3:15  Marine  
  30  3:17  Marine  
  30  3:19  SCV  
  33  3:22  SCV  
  34  3:32  Marine  
  34  3:34  Siege Tank, SCV  
  38  3:35  SCV  
  38  3:37  Marine  
  38  3:39  Marine  
  42  3:48  Medivac, Stimpack  
  44  3:57  Marine x2  
  46  4:03  Supply Depot  
  46  4:15  Refinery  
  46  4:16  Refinery  
  46  4:20  Engineering Bay  
  46  4:21  Engineering Bay  
  46  4:23  Supply Depot  
  46  4:24  Marine, SCV x2  
  46  4:25  Marine x2  
  51  4:31  Barracks  
  51  4:33  Siege Tank  
  54  4:44  Marine x3, SCV, Medivac  
  60  4:58  SCV  
  61  5:02  Marine  
  62  5:18  Marine, Siege Tank, SCV x2, Medivac  
  62  5:19  Supply Depot  
  62  5:20  Supply Depot  
  70  5:21  Barracks Reactor  
  70  5:34  Barracks  
  70  5:38  Command Center  
  70  5:40  Marine x3, SCV  
  70  5:42  SCV  
  75  5:45  Supply Depot  
  75  5:52  Starport Reactor  
  75  5:53  Siege Tank  
  78  5:58  Marauder, Marine  
  78  6:00  Marine x3  
  84  6:05  SCV  
  84  6:06  SCV  
  84  6:08  Terran Infantry Weapons Level 1, Supply Depot  
  84  6:11  Terran Infantry Armor Level 1  
  86  6:15  Marine  
  86  6:18  Marine x3, SCV  
  89  6:20  Marine  
  92  6:33  Marine  
  79  6:50  Marine x2  
  72  7:03  Marine x3  
  72  7:08  Marine  
  69  7:22  Marine x3  
  68  7:28  Marine x2  
  68  7:29  Orbital Command  
  70  7:30  Barracks Reactor  
  70  7:37  SCV x2  
  70  7:38  Barracks x2  
  70  7:39  Barracks, Marine x2, Armory  
  70  7:40  Supply Depot x2, Marine  
  70  7:43  Medivac x2  
  79  7:45  Siege Tank  
  79  7:49  SCV  
  79  7:50  SCV  
  84  7:55  Marine x2, Orbital Command  
  86  8:02  SCV  
  86  8:05  SCV  
  88  8:06  Marine  
  88  8:07  Marine  
  90  8:14  Marine x3, SCV  
  90  8:15  Marine  
  90  8:17  Siege Tank  
  90  8:18  Medivac x2  
  102  8:24  SCV x2  
  104  8:27  Marine x2  
  104  8:28  Barracks Reactor x2  
  104  8:29  Barracks Tech Lab  
  104  8:31  Marine  
  104  8:32  Marine  
  107  8:47  Marine x2  
  107  8:49  Marauder  
  107  8:55  Marine x2, Siege Tank  
  112  8:56  Marine x3  
  117  9:05  Marine x2  
  117  9:06  Refinery, Barracks  
  117  9:07  Refinery  
  119  9:10  Marine  
  119  9:13  Marine x3  
  119  9:14  Marauder  
  119  9:15  Marine x2  
  127  9:35  Marine x3  
  89  9:46  Marine x5  
  89  9:47  Marauder, Marine x2  
  89  9:48  Marauder  
  89  9:50  Siege Tank  
  99  9:53  Marine  
  99  9:59  Marine x2  
  102  10:04  Marine x5  
  102  10:06  Marine x2  
  109  10:09  Marauder, Marine  
  109  10:11  Marine  
Show
View Real Time Build Order
Export as new Build Order

TheZergLord Zerg - Winner!

Build Orders: Hatch First 

Get SALT Encoding   

  12  0:01  Drone  
  13  0:13  Overlord  
  13  0:18  Drone  
  14  0:31  Drone  
  14  0:32  Drone  
  14  0:35  Drone  
  17  0:54  Hatchery  
  16  0:58  Drone  
  17  1:10  Spawning Pool  
  16  1:14  Drone  
  16  1:15  Extractor  
  16  1:18  Drone  
  17  1:22  Drone  
  18  1:30  Drone  
  19  1:41  Overlord  
  19  1:59  Queen  
  19  2:00  Zergling x2  
  22  2:05  Queen  
  22  2:06  Zergling x2  
  22  2:08  Zergling x2  
  26  2:17  Metabolic Boost  
  25  2:31  Spore Crawler  
  25  2:38  Drone x2  
  25  2:39  Drone x4  
  25  2:42  Queen  
  32  3:01  Hatchery  
  32  3:03  Drone x2  
  33  3:06  Overlord  
  33  3:08  Drone  
  33  3:11  Drone  
  35  3:15  Drone  
  36  3:25  Drone x3  
  36  3:26  Drone x3  
  42  3:36  Drone  
  42  3:37  Drone  
  44  3:44  Overlord  
  44  3:49  Roach Warren  
  44  3:51  Extractor  
  44  3:52  Extractor  
  44  3:53  Overlord x2  
  44  3:54  Drone x3  
  44  4:14  Queen  
  46  4:21  Queen  
  48  4:29  Drone x2  
  48  4:30  Drone  
  51  4:31  Roach x2  
  51  4:32  Roach x5  
  65  4:40  Overlord  
  62  4:58  Lair  
  62  5:00  Drone x5  
  62  5:01  Evolution Chamber  
  66  5:13  Drone x3  
  66  5:14  Drone x5  
  72  5:17  Extractor  
  72  5:18  Extractor  
  72  5:19  Roach  
  72  5:20  Overlord x2  
  73  5:28  Zerg Missile Weapons Level 1  
  73  5:31  Evolution Chamber  
  72  5:41  Roach x8  
  88  5:45  Overlord x5  
  88  5:58  Zerg Ground Armor Level 1, Glial Reconstitution  
  88  6:02  Ravager  
  89  6:05  Roach  
  89  6:06  Roach x4  
  99  6:14  Overlord x2  
  99  6:27  Roach x9  
  111  6:44  Roach  
  111  6:45  Roach x8  
  95  6:55  Roach x5  
  95  6:59  Roach  
  95  7:00  Ravager  
  104  7:01  Ravager  
  82  7:25  Zerg Missile Weapons Level 2  
  82  7:27  Roach x8  
  98  7:30  Drone x4  
  98  7:31  Drone  
  98  7:32  Extractor  
  102  7:42  Ravager  
  102  7:43  Hatchery  
  102  7:52  Zerg Ground Armor Level 2  
  102  7:55  Roach x3  
  102  7:57  Drone x3  
  102  7:58  Drone x6  
  115  8:05  Roach x3  
  123  8:06  Roach  
  125  8:14  Roach x4  
  125  8:19  Roach  
  135  8:23  Ravager x2  
  135  8:25  Roach x3  
  143  8:27  Roach  
  143  8:28  Overlord  
  143  8:29  Overlord  
  143  8:33  Overlord  
  132  8:54  Roach  
  132  8:55  Roach x11  
  156  8:59  Queen  
  158  9:13  Roach x3  
  158  9:14  Roach x5  
  158  9:15  Ravager x2  
  174  9:29  Overlord  
  156  9:46  Roach x4  
  156  9:47  Roach x5  
  156  9:50  Ravager x6  
  180  10:01  Roach  
  182  10:10  Hatchery  
Tags
 
Add a new tag
Caveats
  • Supply blocks, unpowered buildings, or Contaminate may cause inaccurate times.
  • Supply counts are checked every 10 seconds.